 Dungeon Crawl Stone Soup version 0.16-a0-3855-gd2600ac (webtiles) character file.

1803 abixa the Cleaver (level 8, 0/64 HPs)
             Began as a Demigod Artificer on Jan 31, 2015.
             Slain by an orc warrior
             ... wielding a +0 dire flail
              (4 damage)
             ... on level 6 of the Dungeon.
             The game lasted 00:30:15 (9217 turns).

abixa the Cleaver (Demigod Artificer)               Turns: 9217, Time: 00:30:15

Health: 0/64       AC: 10    Str: 16    XL:     8   Next: 53%
Magic:  16/16      EV: 12    Int: 16    God:
Gold:   175        SH:  0    Dex: 18    Spells: 0 memorised, 7 levels left

rFire  + . .     SeeInvis .     a - +0 war axe
rCold  x . .     Clarity  .     p - +0 ring mail
rNeg   . . .     SustAb   +     (no shield)
rPois  .         Gourm    .     s - +0 helmet
rElec  .         Spirit   .     (no cloak)
rCorr  .         Warding  .     N - +2 pair of gloves
rMut   .         Stasis   .     B - +0 pair of boots
MR     +....                    V - amulet of rage
Stlth  +.........               G - ring of protection from magic
                                W - ring of fire

@: somewhat resistant to hostile enchantments, very unstealthy
A: sustain abilities
a: Evoke Berserk Rage


You were on level 6 of the Dungeon.
You were hungry.

You visited 1 branch of the dungeon, and saw 6 of its levels.
You also visited: Sewer.

You collected 175 gold pieces.

Inventory:

Hand weapons
 a - a +0 war axe (weapon)
 b - a +0 blowgun
 j - a +2 antimagic trident
 q - a +0 hunting sling
 Q - a +0 hand crossbow
Missiles
 g - 240 stones (quivered)
 y - 11 sling bullets
 C - 4 sling bullets of flame
 K - a poisoned needle
 O - 13 arrows of frost
 P - 12 arrows of dispersal
Armour
 p - a +0 ring mail (worn)
 s - a +0 helmet (worn)
 B - a +0 pair of boots (worn)
 N - a +2 pair of gloves (worn)
Jewellery
 u - an uncursed ring of fire
 G - a ring of protection from magic (right hand)
 L - an uncursed ring of see invisible
 V - an amulet of rage (around neck)
 W - a ring of fire (left hand)
Magical devices
 c - a wand of enslavement (15)
 d - a wand of random effects (1)
 J - a wand of flame (10)
 X - a wand of magic darts (16)
Scrolls
 k - 3 scrolls of enchant armour {unknown}
 r - a scroll of remove curse
 w - 3 scrolls of fog {unknown}
 z - 3 scrolls of magic mapping {unknown}
 F - a scroll of recharging
 I - 4 scrolls of blinking
 R - 3 scrolls of fear {unknown}
 S - 2 scrolls of immolation
 Z - a scroll of teleportation
Potions
 e - 2 potions of might {unknown}
 h - a potion of beneficial mutation {unknown}
 i - 6 potions of curing
 l - a potion of brilliance {unknown}
 n - 2 potions of heal wounds
 v - 2 potions of poison {unknown}
 x - 4 potions of magic
 A - a potion of restore abilities {unknown}
 E - 2 potions of flight {unknown}
Books
 H - a Grand Grimoire {highlevel, unknown}

   This book is beyond your current level of understanding.

   Spells                             Type                      Level
   a - Aura of Abjuration             Summoning                    6
   b - Summon Greater Demon           Summoning                    7
   c - Malign Gateway                 Summoning/Translocation      7
   d - Summon Horrible Things         Summoning                    8
 U - a book of Battle

   Spells                             Type                      Level
   a - Infusion                       Charms                       1
   b - Shroud of Golubria             Charms/Translocation         2
   c - Song of Slaying                Charms                       2
   d - Spectral Weapon                Hexes/Charms                 3
   e - Regeneration                   Charms/Necromancy            3
Comestibles
 f - 5 bread rations
 m - 2 beef jerkies
 M - a royal jelly
 T - a meat ration


   Skills:
 - Level 3.6 Fighting
   Level 0.8 Short Blades
 + Level 9.2 Axes
 - Level 1.7 Armour
 - Level 3.1 Dodging
 - Level 0.8 Stealth
 - Level 2.6 Evocations


You had 7 spell levels left.
You didn't know any spells.

Dungeon Overview and Level Annotations

Branches:
Dungeon (6/15)             Temple (0/1) D:6

Shops:
D:4 (

Annotations:
D:6 1 exclusion


Innate Abilities, Weirdness & Mutations

Your attributes are resistant to harm.


Message History

You barely miss the orc warrior.
The orc warrior is almost dead.
The orc warrior hits you with a dire flail!
* * * LOW HITPOINT WARNING * * *
You closely miss the orc warrior.
The orc warrior is almost dead.
The orc warrior hits you but does no damage.
You hit the orc warrior but do no damage.
The orc warrior is almost dead.
The orc warrior hits you with a dire flail.
* * * LOW HITPOINT WARNING * * *
Evoke which item? (* to show all) (? for menu, Esc to quit)
Zapping:
J - a wand of flame (11)
Press: ? - help, Shift-Dir - straight line, f/p - orc warrior
Aim: an orc warrior, wielding a dire flail and wearing a plate armour (almost dead, lightly drained)
The puff of flame hits the orc warrior.
The orc warrior appears unharmed.
The orc warrior is almost dead.
This wand has 10 charges left.
The orc warrior hits you with a dire flail.
You die...

.#.####....#..#..#..#.o##########..
..............#..####.<............
.#.######.....#..#..#.##...........
##.# ####.....#..#.##.#######.#.
..## ### #...(.#..#.##.# #.## ####.
b.....#.#.......##.# #.# #.
#......##..######.# #.# #.
#.##.#####o# #.# ... #. #.##.# #@#
#.# #.# ####.###.##.# #.# #.# #.#
.##...##.##.# #.# #.##
....#....##.#####.# #..##
.##...#...........# ####...###.#.#
.###.###.......>### #............#
.###.# ####.###.#####.#######.....
<..รท.# #.# #.......# ### ...
.###.# ####.###.#####.##### #


You could see an orc warrior.

Vanquished Creatures
  Eustachio (D:4)
  Menkaure (D:4)
  2 eyes of draining (D:3)
  A phantom (D:5)
  A centaur (D:5)
  Blork the orc (D:5)
  3 giant frogs
  2 orc priests
  A crimson imp (D:5)
  A centaur skeleton (D:4)
  An iguana (D:3)
  2 jellies (D:5)
  Natasha (D:6)
  8 orc wizards
  4 worker ants
  A hound zombie (D:5)
  Terence (D:2)
  A worker ant zombie (D:5)
  6 river rats
  11 adders
  4 gnolls
  A giant mite (D:2)
  2 worms (D:3)
  An adder skeleton (D:4)
  6 giant geckos
  3 oozes
  14 orcs
  19 ball pythons
  6 giant cockroaches
  12 hobgoblins
  14 jackals
  10 kobolds
  6 quokkas
  8 bats
  3 giant newts
  8 goblins
  A quokka skeleton (D:6)
  30 rats
198 creatures vanquished.

Vanquished Creatures (others)
  A bat (D:4)
1 creature vanquished.

Grand Total: 199 creatures vanquished

Notes
Turn   | Place    | Note
--------------------------------------------------------------
     0 | D:1      | abixa, the Demigod Artificer, began the quest for the Orb.
     0 | D:1      | Reached XP level 1. HP: 15/15 MP: 2/2
    20 | D:1      | Reached skill level 1 in Fighting
    97 | D:1      | Reached XP level 2. HP: 12/24 MP: 3/3
  1163 | D:1      | Reached XP level 3. HP: 30/30 MP: 6/6
  1490 | D:2      | Noticed Terence
  1511 | D:2      | Killed Terence
  1934 | D:2      | Reached skill level 3 in Fighting
  1983 | D:2      | Reached skill level 1 in Armour
  1983 | D:2      | Reached XP level 4. HP: 29/38 MP: 8/8
  3423 | D:3      | Found a shadowy altar of Dithmenos.
  3553 | D:3      | HP: 1/38 [something/puff of flame (6)]
  3554 | D:3      | Reached XP level 5. HP: 1/45 MP: 10/10
  4182 | D:3      | Found an ancient bone altar of Kikubaaqudgha.
  4183 | D:3      | Found a snail-covered altar of Cheibriados.
  4192 | D:3      | Reached skill level 1 in Axes
  4587 | D:3      | Noticed an eye of draining
  4588 | D:3      | Found a bloodstained altar of Trog.
  4613 | D:3      | Killed an eye of draining
  4613 | D:3      | Reached XP level 6. HP: 35/51 MP: 0/12
  4702 | D:3      | Noticed an eye of draining
  4728 | D:3      | Killed an eye of draining
  4782 | D:4      | Reached skill level 4 in Axes
  5117 | D:4      | Found Seliteurph's Weapon Shop.
  5122 | D:4      | Noticed Eustachio
  5134 | D:4      | Killed Eustachio
  5147 | D:4      | Reached XP level 7. HP: 57/57 MP: 15/15
  5248 | D:4      | Reached skill level 5 in Axes
  5929 | D:4      | Noticed Menkaure
  5950 | D:4      | Killed Menkaure
  6083 | D:4      | Reached skill level 6 in Axes
  6265 | D:4      | Found a blossoming altar of Fedhas.
  6583 | D:5      | Entered Level 5 of the Dungeon
  6595 | D:5      | Noticed Blork the orc
  7012 | D:5      | Killed Blork the orc
  7012 | D:5      | Reached skill level 7 in Axes
  7142 | D:5      | Reached XP level 8. HP: 62/64 MP: 16/16
  7741 | D:6      | Found a deep blue altar of Sif Muna.
  7778 | D:6      | Found an iron altar of Okawaru.
  7796 | D:6      | Reached skill level 8 in Axes
  7868 | D:6      | Found a staircase to the Ecumenical Temple.
  7902 | D:6      | Got an ancient dagger
  7907 | D:6      | Found a glowing drain.
  7939 | Sewer    | Entered a sewer
  8363 | Sewer    | Reached skill level 9 in Axes
  8750 | D:6      | Noticed Natasha
  8764 | D:6      | Killed Natasha
  8928 | D:6      | Identified the +7 dagger of Okawaru {pierce, rPois- rC+ Str+3} (You found it on level 6 of the Dungeon)
  9216 | D:6      | HP: 3/64 [orc warrior/dire flail (3)]
  9217 | D:6      | Slain by an orc warrior

Action                   |  1- 3 |  4- 6 |  7- 9 || total
-------------------------+-------+-------+-------++-------
Melee: Short sword       |    48 |       |       ||    48
       Mace              |   162 |   179 |       ||   341
       War axe           |       |    88 |   397 ||   485
 Fire: Blowgun           |       |       |     1 ||     1
Throw: Stone             |     1 |    39 |     6 ||    46
Evoke: Wand              |     1 |     4 |    14 ||    19
  Use: Scroll            |       |       |    10 ||    10
 Stab: Sleeping          |     1 |     1 |       ||     2
       Distracted        |     1 |       |       ||     1
  Eat: Chunk             |     4 |    10 |    13 ||    27
